 Dungeon Crawl Stone Soup version 0.28-a0-425-gd0eccab798 (webtiles) character file.

Game seed: 3140824439749715366

119 Shayle the Insei (level 5, 0/40 HPs)
             Began as a Djinni Warper on Sept 10, 2021.
             Slain by a kobold brigand (8 damage)
             ... on level 3 of the Dungeon.
             The game lasted 00:06:57 (2632 turns).

Shayle the Insei (Djinni Warper)                    Turns: 2632, Time: 00:06:57

Health: 0/40       AC:  3    Str: 10    XL:     5   Next: 23%
Gold:   172        EV: 11    Int: 15    God:
                   SH:  0    Dex: 13

rFire   + + .      SeeInvis .   e - +0 dagger (venom)
rCold   x . .      Faith    .   (no shield)
rNeg    . . .      Spirit   .   a - +0 leather armour
rPois   ∞          Reflect  .   (no helmet)
rElec   .          Harm     .   (no cloak)
rCorr   .          Rampage  .   (no gloves)
Will    .....                   (boots unavailable)
Stlth   +.........              (no amulet)
HPRegen 0.13/turn               (no ring)
MPRegen 0.00/turn               (no ring)

@: flying
A: sickness immunity, fire resistance 2, cold vulnerability 1, float, innate
caster, hp casting, extra vitality 1
a: no special abilities


You were on level 3 of the Dungeon.
You visited 1 branch of the dungeon, and saw 3 of its levels.

You collected 172 gold pieces.

Inventory:

Hand Weapons
 e - a +0 dagger of venom (weapon)
Armour
 a - a +0 leather armour (worn)
Jewellery
 f - a ring of protection from fire
Wands
 m - a wand of mindburst (16)
Scrolls
 b - a scroll of blinking
 d - a scroll of vulnerability {unknown}
 g - a scroll of acquirement {unknown}
 h - a scroll of enchant armour {unknown}
 i - 4 scrolls of identify {unknown}
 j - a scroll of teleportation {unknown}
Potions
 k - a potion of berserk rage {unknown}
 l - a potion of magic {unknown}
 n - a potion of resistance {unknown}
 o - a potion of haste {unknown}


   Skills:
 + Level 3.0 Fighting
 - Level 0.7 Throwing
 - Level 1.0 Armour
 - Level 2.1 Dodging
 * Level 3.8 Unarmed Combat
 + Level 3.0 Spellcasting


You couldn't memorise any spells.
You knew the following spells:

 Your Spells              Type           Power      Damage    Failure   Level
a - Blink                 Tloc           N/A        N/A       12%         2
b - Lesser Beckoning      Tloc           11%        N/A       24%         3
c - Gell's Gravitas       Tloc           5%         N/A       24%         3
d - Teleport Other        Tloc           11%        N/A       24%         3
e - Manifold Assault      Tloc           11%        N/A       91%         5
f - Summon Small Mammal   Summ           44%        N/A       8%          1
g - Call Imp              Summ           11%        N/A       12%         2
Your spell library was empty.

Dungeon Overview and Level Annotations

Branches:
Dungeon (3/15)

Altars:

Shops:
D:1 (   D:3 :

Annotations:
D:2 1 runed translucent door, Crazy Yiuf


Innate Abilities, Weirdness & Mutations

You are immune to sickness and miasma.
You are immune to poison.
Your flesh is very heat resistant. (rF++)
You are vulnerable to cold. (rC-)
You float through the air rather than walking.
You learn spells naturally, not from books.
Your magical power is your life essence.
You have superior vitality. (+4 HP)


Message History

Casting: Summon Small Mammal (safe; 8% risk of failure)
Confirm with . or Enter, or press ? or * to list all spells.
A beastly little devil appears in a puff of flame.
Your crimson imp says, "I'm here!"
What are your orders? t - Shout!
Orders for allies: a - Attack new target. p - Attack previous target. r - Retreat! s - Stop attacking. g - Guard the area. f - Follow me.
Anything else - Cancel.
Gang up on whom?
Press: ? - help, Dir - move target, f/p - kobold brigand
Aim: a kobold brigand, wielding a +0 short sword and quivering poisoned darts (heavily wounded, ally target) Attack!
The kobold brigand throws a poisoned dart.
The poisoned dart hits you!
Your crimson imp hits the kobold brigand.
You completely miss the kobold brigand.
The kobold brigand is severely wounded.
The kobold brigand closely misses you.
Your crimson imp hits the kobold brigand but does no damage.
You barely miss the kobold brigand.
The kobold brigand is severely wounded.
The kobold brigand closely misses you.
Your crimson imp blinks!
You hit the kobold brigand.
The kobold brigand is poisoned.
You punch the kobold brigand.
The kobold brigand is severely wounded.
The kobold brigand hits you with a +0 short sword!
* * * LOW HITPOINT WARNING * * *
Unknown command.
You hit the kobold brigand but do no damage.
The kobold brigand looks as sick as possible!
The kobold brigand is severely wounded.
The kobold brigand hits you but does no damage.
You hit the kobold brigand but do no damage.
The kobold brigand looks as sick as possible!
The kobold brigand is severely wounded.
The kobold brigand hits you with a +0 short sword!
You die...

######...##.##.#.#.#.......#.# #.
#######..##.##.#........####.# #.
...†...............>.##.####.###.
#######..##..#.#...#.............
........(....................<.#.
........................####....#
.####.#...#..#.#5..........#.#.##
#.............K.....#.##.#.#.#
#.#.#.........@..#..####.#.#.##
#.#.##...................#.....
##.#.##.....#.#.......###.#.#.##
.#.............#...#...###.#.#.#
.(...###.....#.#.............#.#
.#...###.....#.###...........#.##
.......#.........................
........................####.#.##
.....#.#..#..#####.........#.#.#


You could see a kobold brigand (extremely poisoned, ally target) and a friendly
crimson imp (summoned).

Vanquished Creatures
  Ijyb (D:3)
  4 adders
  6 dart slugs
  4 ball pythons
  5 bats
  3 endoplasms
  3 giant cockroaches
  3 hobgoblins
  3 jackals (D:3)
  2 quokkas
  2 frilled lizards (D:1)
  A goblin (D:1)
  6 kobolds
  4 rats
47 creatures vanquished.

Vanquished Creatures (others)
  A plant (D:1)
1 creature vanquished.

Grand Total: 48 creatures vanquished

Notes
Turn   | Place    | Note
-------+----------+-------------------------------------------
     0 | D:1      | Shayle the Djinni Warper began the quest for the Orb.
     0 | D:1      | Reached XP level 1. HP: 18/18 MP: 0/0
   277 | D:1      | Reached XP level 2. HP: 23/23 MP: 0/0
   342 | D:1      | Found a faded altar of an unknown god.
   427 | D:1      | Found Qogreoke's Antique Weapon Emporium.
   792 | D:1      | Reached XP level 3. HP: 24/29 MP: 0/0
   792 | D:1      | Learned a level 1 spell: Summon Small Mammal
  1568 | D:2      | Reached XP level 4. HP: 31/34 MP: 0/0
  1950 | D:2      | Found a runed translucent door.
  1951 | D:2      | Noticed Crazy Yiuf
  2403 | D:3      | Found Azextod's Book Shop.
  2465 | D:3      | Noticed Ijyb
  2473 | D:3      | Killed Ijyb
  2474 | D:3      | Reached XP level 5. HP: 36/40 MP: 0/0
  2474 | D:3      | Learned a level 2 spell: Call Imp
  2582 | D:3      | Noticed a kobold brigand
  2632 | D:3      | Slain by a kobold brigand

Illustrated notes

Levels and vault maps discovered:
D:1:      lightli_arrival_chessboard, layout_loops_ring, serial_shops,
          nicolae_shop_overgrown_old_shop, dreamdust_ecumenical_altar_statues
D:2:      layout_rooms, uniq_crazy_yiuf_cottage
D:3:      layout_basic, serial_shops, shop_fountains, minmay_strange_pillars,
          bh_walls_and_bars, uniq_ijyb, uniq_jessica

Skill      XL: |  1  2  3  4  5 |
---------------+----------------+-----
Unarmed Combat | 3 |  3.8
Spellcasting   | 3 |  3.0
Fighting       | 3 |  3.0
Throwing       | |  0.7
Armour         | |  1.0
Dodging        | |  2.1

Action                   |  1- 3 |  4- 6 || total
-------------------------+-------+-------++-------
Melee: Unarmed           |    15 |       ||    15
       Dagger            |    68 |    76 ||   144
       Punch             |       |     3 ||     3
Throw: Boomerang         |       |     5 ||     5
 Cast: Summon Small Mamm |       |     1 ||     1
       Call Imp          |       |     1 ||     1
 Stab: Sleeping          |       |     1 ||     1
Armor: Leather armour    |    22 |    18 ||    40
Dodge: Dodged            |    53 |    43 ||    96

Table legend: (Time is in decaauts)
 A = Elapsed time spent in this place.
 B = Non-inter-level travel time spent in this place.
 C = Inter-level travel time spent in this place.
 D = Time resting spent in this place.
 E = Time spent auto-exploring this place.
 F = Levels seen in this place.
 G = Mean time per level.
                   A        B        C        D        E       F      G
               +--------+--------+--------+--------+--------+-----+--------+
         Total |   2634 |   2569 |     65 |    257 |   1776 |   3 |  878.0 |
       Dungeon |   2634 |   2569 |     65 |    257 |   1776 |   3 |  878.0 |
               +--------+--------+--------+--------+--------+-----+--------+

Top non-repeatable levels by time:
     D:1: 1250 daAuts
     D:2: 863 daAuts
     D:3: 521 daAuts
